 Dungeon Crawl Stone Soup version 0.24.0-13-gcf9b319 (webtiles) character file.

Game seed: 10265793456237397247, levelgen mode: deterministic

579 DarkinPup the Skirmisher (level 7, -1/63 HPs)
             Began as a Minotaur Fighter on Dec 28, 2019.
             Killed from afar by an orc wizard (8 damage)
             ... with a magic dart
             ... on level 5 of the Dungeon.
             The game lasted 00:03:36 (2639 turns).

DarkinPup the Skirmisher (Minotaur Fighter)         Turns: 2639, Time: 00:03:37

Health: -1/63      AC:  8    Str: 21    XL:     7   Next: 13%
Magic:  6/6        EV:  9    Int:  5    God:
Gold:   297        SH: 10    Dex: 11    Spells: 6/6 levels left

rFire    . . .     SeeInvis .   a - +0 long sword
rCold    . . .     Gourm    .   c - +0 shield
rNeg     . . .     Faith    .   b - +0 scale mail
rPois    .         Spirit   .   (helmet restricted)
rElec    .         Reflect  .   (no cloak)
rCorr    .         Harm     .   (no gloves)
MR       .....                  l - +0 pair of boots
Stlth    ..........             (no amulet)
HPRegen  0.20/turn              (no ring)
MPRegen  0.10/turn              (no ring)

@: no status effects
A: retaliatory headbutt, horns 2
a: no special abilities


You were on level 5 of the Dungeon.
You were hungry.

You visited 1 branch of the dungeon, and saw 5 of its levels.

You collected 297 gold pieces.

Inventory:

Hand Weapons
 a - a +0 long sword (weapon)
Armour
 b - a +0 scale mail (worn)
 c - a +0 shield (worn)
 l - a +0 pair of boots (worn)
Jewellery
 p - a cursed +5 amulet of reflection {unknown}
Wands
 s - a wand of polymorph (9)
Scrolls
 g - a scroll of amnesia {unknown}
 j - 2 scrolls of teleportation {unknown}
 k - a scroll of magic mapping {unknown}
 m - 3 scrolls of remove curse {unknown}
 n - a scroll of random uselessness {unknown}
 r - 4 scrolls of identify {unknown}
 w - a scroll of enchant armour {unknown}
Potions
 d - a potion of might
 e - 2 potions of ambrosia {unknown}
 h - a potion of lignification {unknown}
 i - 2 potions of curing {unknown}
 o - 2 potions of brilliance {unknown}
 q - a potion of mutation {unknown}
 t - 2 potions of degeneration {unknown}
 u - a potion of magic {unknown}
Comestibles
 f - 11 rations


   Skills:
 * Level 6.2 Fighting
 * Level 5.4 Long Blades
 + Level 5.0 Armour
 + Level 2.9 Dodging
 + Level 4.7 Shields


You had 6 spell levels left.
You didn't know any spells.
Your spell library contained the following spells:

 Spells                   Type           Power        Failure   Level  Hunger
 Beastly Appendage        Tmut           #.....       99%         1    ##.....
 Summon Small Mammal      Summ           #...         99%         1    ##.....
 Call Imp                 Summ           #.......     100%        2    ###....
 Sticks to Snakes         Tmut           #.......     100%        2    ###....
 Call Canine Familiar     Summ           #.......     100%        3    ####...
 Spider Form              Tmut/Pois      #.........   100%        3    ####...
 Summon Guardian Golem    Hex/Summ       #.......     100%        3    ####...
 Ice Form                 Ice/Tmut       #.......     100%        4    #####..
 Summon Ice Beast         Ice/Summ       #.......     100%        4    #####..
 Summon Lightning Spire   Summ/Air       #.......     100%        4    #####..
 Blade Hands              Tmut           #.........   100%        5    ######.


Dungeon Overview and Level Annotations

Branches:
Dungeon (5/15)
 Temple: D:4-7

Altars:

Annotations:
D:3 3 runed translucent doors, Vulpanium's ghost, amateur HuNe


Innate Abilities, Weirdness & Mutations

You reflexively headbutt those who attack you in melee.
You have a pair of horns on your head.


Message History

A magic dart appears from out of thin air!
The magic dart hits you but does no damage.
Something hits you.
* * * LOW HITPOINT WARNING * * *
You closely miss something.
You hear some strange, mumbled words.
A magic dart appears from out of thin air!
The magic dart hits you.
* * * LOW HITPOINT WARNING * * *
You closely miss something.
You hear some strange, mumbled words.
A puff of flame appears from out of thin air!
The puff of flame hits you.
* * * LOW HITPOINT WARNING * * *
Something hits you but does no damage.
You closely miss something. Your headbutt misses something.
You hear some strange, mumbled words.
A magic dart appears from out of thin air!
The magic dart hits you!
You die...

#.... #..# #.#
###..## #.# #.....#
#.# ##.#...#######
#.#.# .....[.>.....#
#.#.#
.>.....#####.###o#.#
##.....# ##.#.##{#.#
#####.# #.###.#@#.#
#.# ##.#.##.#.# #.#
##)###.#.# #.# #.#
#...# ... #.# ###.#
#.# #.# #.# #.# #.#
#.### #†# #...#


You could see an orc.

Vanquished Creatures
  Menkaure (D:5)
  A crocodile (D:5)
  A centaur (D:5)
  A howler monkey (D:4)
  An orc priest (D:5)
  An iguana (D:5)
  An orc wizard (D:4)
  2 worker ants
  A worker ant zombie (D:5)
  3 adders
  A shadow imp (D:5)
  3 worms (D:3)
  7 orcs
  5 giant cockroaches
  7 goblins
  5 hobgoblins
  8 jackals
  12 kobolds
  A quokka (D:3)
  A ball python (D:3)
  13 bats
  2 frilled lizards
  9 rats
87 creatures vanquished.

Notes
Turn   | Place    | Note
-------+----------+-------------------------------------------
     0 | D:1      | DarkinPup the Minotaur Fighter began the quest for the Orb.
     0 | D:1      | Reached XP level 1. HP: 19/19 MP: 0/0
   108 | D:1      | Reached XP level 2. HP: 25/27 MP: 1/1
   113 | D:1      | Reached skill level 4 in Fighting
   605 | D:2      | Reached XP level 3. HP: 34/34 MP: 2/2
   797 | D:2      | Reached skill level 1 in Dodging
  1024 | D:3      | Found a runed translucent gate.
  1024 | D:3      | Found a runed translucent gate.
  1025 | D:3      | Found a runed translucent gate.
  1027 | D:3      | Noticed Vulpanium's ghost (amateur HuNe)
  1230 | D:3      | Reached XP level 4. HP: 41/41 MP: 3/3
  1632 | D:4      | Reached XP level 5. HP: 47/47 MP: 4/4
  1693 | D:4      | Reached skill level 5 in Fighting
  2170 | D:5      | Entered Level 5 of the Dungeon
  2170 | D:5      | Noticed Menkaure
  2170 | D:5      | Noticed an ogre
  2309 | D:5      | Noticed a centaur
  2317 | D:5      | Killed a centaur
  2317 | D:5      | Reached XP level 6. HP: 14/56 MP: 5/5
  2558 | D:5      | Reached skill level 5 in Long Blades
  2616 | D:5      | Killed Menkaure
  2616 | D:5      | Reached skill level 6 in Fighting
  2616 | D:5      | Reached XP level 7. HP: 49/63 MP: 6/6
  2627 | D:5      | Reached skill level 5 in Armour
  2639 | D:5      | Killed from afar by an orc wizard

Levels and vault maps discovered:
D:1:      minmay_arrival_arboretum_large, layout_loops_ring
D:2:      layout_rooms, first_ration
D:3:      layout_loops_ring, gammafunk_ghost_necromancy
D:4:      layout_loops_ring
D:5:      layout_loops_ring, uniq_menkaure, uniq_pikel

Skill      XL: |  1  2  3  4  5  6  7 |
---------------+----------------------+-----
Fighting       | 4 5 6 |  6.2
Long Blades    | 3 4 5 |  5.4
Dodging        | 1 2 |  2.9
Armour         | 4 5 |  5.0
Shields        | 4 |  4.7

Action                   |  1- 3 |  4- 6 |  7- 9 || total
-------------------------+-------+-------+-------++-------
Melee: Long sword        |   121 |   103 |    11 ||   235
       Headbutt          |    19 |    25 |     2 ||    46
  Eat: Chunk             |     1 |     4 |       ||     5
Armor: Scale mail        |    55 |    26 |     4 ||    85
       Skin              |       |     2 |       ||     2
Dodge: Dodged            |    48 |    41 |     3 ||    92
Block: Shield            |    56 |    62 |     1 ||   119
       Rpst.: Long sword |    14 |    16 |       ||    30
